 Dungeon Crawl Stone Soup version 0.27.1 (webtiles) character file.

Game seed: 1479698467946610908

4 Descartes the Sneak (level 1, -1/10 HPs)
             Began as a Felid Delver on Aug 31, 2021.
             Succumbed to an adder's poison
             ... on level 5 of the Dungeon.
             The game lasted 00:00:27 (43 turns).

Descartes the Sneak (Felid Delver)                    Turns: 43, Time: 00:00:28

Health: -1/10      AC:  1    Str:  8    XL:     1   Next: 50%
Magic:  2/2        EV: 18    Int: 11    God:
Gold:   0          SH:  0    Dex: 17    Spells: 0/0 levels left
                                        Lives:  0   Deaths: 0

rFire    . . .     SeeInvis +     - Unarmed
rCold    . . .     Faith    .   (shield unavailable)
rNeg     . . .     Spirit   .   (armour unavailable)
rPois    .         Reflect  .   (helmet unavailable)
rElec    .         Harm     .   (cloak unavailable)
rCorr    .         Rampage  .   (gloves unavailable)
Will     .....                  (boots unavailable)
Stlth    ++++......             (no amulet)
HPRegen  0.03/turn              (no ring)
MPRegen  0.08/turn              (no ring)

@: lethally poisoned (-1 -> -7), quick
A: very small, claws 1, fangs 3, see invisible, speed 1, shaggy fur 1, stealthy
paws, no weapons or thrown items, no armour, multi-lived
a: no special abilities


You were on level 5 of the Dungeon.
You visited 1 branch of the dungeon, and saw 1 of its levels.

Inventory:

Wands
 e - a wand of digging (3)
Scrolls
 a - a scroll of fog
 b - a scroll of magic mapping
 c - a scroll of fear
 f - a scroll of identify {unknown}
Potions
 d - a potion of haste


   Skills:
 - Level 3.0 Fighting
 + Level 3.0 Dodging
 + Level 6.7 Stealth
 - Level 2.0 Unarmed Combat


You couldn't memorise any spells.
You didn't know any spells.
Your spell library was empty.

Dungeon Overview and Level Annotations

Branches:
Dungeon (5/15)
 Temple: D:4-7

Altars:


Innate Abilities, Weirdness & Mutations

You have sharp claws.
You have razor-sharp teeth.
You have supernaturally acute eyesight. (SInv)
You cover ground quickly. (Speed+)
You are covered in fur. (AC +1)
Your paws help you pounce on unaware monsters.
You are incapable of wielding weapons or throwing items.
You cannot wear armour.
You gain extra lives every three experience levels.


Message History

You barely miss the orc. The orc barely misses you.
You barely miss the orc. You bite the orc.
The orc is heavily wounded.
The orc hits you with a +0 dagger.
You scratch the orc.
You kill the orc!
You scratch the orc.
The orc is heavily wounded.
An adder comes into view.
The orc completely misses you.
The adder hisses angrily.
You scratch the orc but do no damage.
The orc is heavily wounded.
The orc hits you with a +0 hand axe.
You closely miss the orc. You bite the orc.
You kill the orc!
The adder closely misses you.
Your Dodging skill increases to level 3!
You closely miss the adder. The adder completely misses you.
You scratch the adder.
The adder is heavily wounded.
The adder completely misses you.
You scratch the adder but do no damage.
The adder is heavily wounded.
The adder bites you but does no damage.
You barely miss the adder.
The adder is heavily wounded.
The adder misses you.
You scratch the adder but do no damage.
The adder is heavily wounded.
The adder closely misses you. The adder bites you.
You scratch the adder.
The adder is severely wounded.
The adder bites you.
* * * LOW HITPOINT WARNING * * *
You are lethally poisoned!
The adder poisons you!
You scratch the adder.
You kill the adder!
You die...

#######.##
#...##...####
#.............
#...##...#####
##.####### ##.##
. ##...## ####...
#.....####.......
#.....@))...#
#.....####..#
#...... ..#
#.#.#### ....
#.... ..#.# #.#.
###.# #... # #


There were no monsters in sight!

Vanquished Creatures
  An adder (D:5)
  2 orcs (D:5)
3 creatures vanquished.

Notes
Turn   | Place    | Note
-------+----------+-------------------------------------------
     0 | D:5      | Descartes the Felid Delver began the quest for the Orb.
     0 | D:5      | Reached XP level 1. HP: 10/10 MP: 2/2
    43 | D:5      | Succumbed to an adder's poison

Illustrated notes

Levels and vault maps discovered:
D:5:      kennysheep_slugbush, layout_loops_ring, serial_park_tiny_pond

Skill      XL: |  1 |
---------------+----+-----
Dodging        | 3 |  3.0
Fighting       | |  3.0
Stealth        | |  6.7
Unarmed Combat | |  2.0

Action                   || total
-------------------------++-------
Melee: Unarmed           ||    14
       Bite              ||     2
Armor: Skin              ||     1
Dodge: Dodged            ||     9
